 Dungeon Crawl Stone Soup version 0.23-a0-303-gfcac5de (webtiles) character file.

196 Amnesiac the Ducker (level 5, -1/32 HPs)
             Began as a Deep Elf Fighter on Oct 8, 2018.
             Slain by Natasha (11 damage)
             ... on level 2 of the Dungeon.
             The game lasted 00:05:28 (3654 turns).

Amnesiac the Ducker (Deep Elf Fighter)              Turns: 3654, Time: 00:05:28

Health: -1/32      AC: 11    Str: 14    XL:     5   Next: 45%
Magic:  7/7        EV:  5    Int: 13    God:
Gold:   213        SH:  8    Dex: 14    Spells: 4/4 levels left

rFire    . . .     SeeInvis .   a - +0 long sword
rCold    + . .     Gourm    .   c - +0 shield
rNeg     . . .     Faith    .   r - +0 chain mail (curse)
rPois    .         Spirit   .   (no helmet)
rElec    .         Reflect  .   o - +0 cloak
rCorr    .         Harm     .   (no gloves)
MR       .....                  n - +0 pair of boots (curse)
Stlth    ..........             (no amulet)
HPRegen  0.10/turn              g - ring of protection from cold
MPRegen  0.10/turn              i - ring of wizardry

@: no status effects
A: no striking features
a: no special abilities


You were on level 2 of the Dungeon.
You were not hungry.

You visited 2 branches of the dungeon, and saw 5 of its levels.

You collected 213 gold pieces.

Inventory:

Hand Weapons
 a - a +0 long sword (weapon)
 e - a +0 blowgun
 p - a +2 dagger of freezing
Missiles
 h - 123 stones (quivered)
 l - 16 poisoned needles
Armour
 c - a +0 shield (worn)
 n - a cursed +0 pair of boots (worn)
 o - a +0 cloak (worn)
 q - a +0 helmet
 r - a cursed +0 chain mail (worn)
Jewellery
 g - a ring of protection from cold (left hand)
 i - a ring of wizardry (right hand)
 j - a +3 ring of dexterity {unknown}
Scrolls
 m - a scroll of fog {!r}
Potions
 d - 2 potions of might {!q}
 k - a potion of curing {!q}
Comestibles
 b - 2 chunks of flesh
 f - 8 rations


   Skills:
 * Level 3.5 Fighting
 - Level 2.0 Long Blades
 * Level 3.4 Armour
 + Level 3.5 Dodging
 - Level 2.4 Shields


You had 4 spell levels left.
You didn't know any spells.
Your spell library was empty.

Dungeon Overview and Level Annotations

Branches:
Dungeon (4/15)             Temple (1/1) D:4

Altars:
Ashenzari
Cheibriados
Dithmenos
Fedhas
Hepliaklqana
Kikubaaqudgha
Makhleb
Nemelex Xobeh
Qazlal
Sif Muna
Trog
Uskayaw
Vehumet
Wu Jian
Xom
Yredelemnul
Zin
The Shining One

Annotations:
D:2 Natasha
D:4 Menkaure


Message History

You closely miss Natasha.
Natasha is heavily wounded.
You block Natasha's attack. Natasha claws you but does no damage.
Your shield and chain mail prevent you from hitting Natasha.
Natasha is heavily wounded.
Natasha claws you.
You closely miss Natasha.
Natasha is heavily wounded.
Natasha claws you but does no damage.
You closely miss Natasha.
Natasha is heavily wounded.
Natasha barely misses you.
The crimson imp blinks!
Natasha claws you but does no damage.
You closely miss Natasha.
Natasha is heavily wounded.
Natasha mumbles some strange words.
Natasha shimmers violently.
Natasha mumbles some strange words.
The crimson imp blinks!
You hit Natasha.
Natasha is heavily wounded.
Natasha casts a spell at you. The magic dart hits you!
* * * LOW HITPOINT WARNING * * *
The crimson imp blinks!
You hit Natasha.
Natasha is severely wounded.
Natasha claws you but does no damage.
The crimson imp sputters.
You block Natasha's attack.
You slash Natasha!
You kill Natasha!
Natasha screams in fury as she dies!
The crimson imp disappears in a puff of smoke! x2
No target in view!
You see here a quokka corpse.
You butcher the quokka corpse.
b - 5 chunks of flesh (gained 2)
You see here a quokka skeleton.
You start resting.
Some of the chunks of flesh in your inventory have rotted away.
Natasha, Servant of Life and Death comes into view.
Natasha is nearby!
You slash Natasha!
Natasha is heavily wounded.
Natasha drinks a potion.
Natasha seems to grow stronger.
You hit Natasha but do no damage.
Natasha is heavily wounded.
Natasha claws you!
* * * LOW HITPOINT WARNING * * *
You block Natasha's attack.
You closely miss Natasha.
Natasha is heavily wounded.
Natasha claws you.
* * * LOW HITPOINT WARNING * * *
You hit Natasha but do no damage.
Natasha is heavily wounded.
Natasha claws you but does no damage.
Your chain mail prevents you from hitting Natasha.
Natasha is heavily wounded.
Natasha claws you.
* * * LOW HITPOINT WARNING * * *
Natasha claws you!
You die...

..##...###.#.......#
..###.## #.#...#####
..###.# #.#...########.#
).....##
#.......÷......#
#......#
#)#.##########.#
#####.####.#.# #.####
#......#.# #......
######.#.########......#
#.#...h@.÷........#
#.......####......#
#######.# #...#.# #.#
#..h......# #.#
#.#######.# #.# #.# #.#
#.# #.# #.# #.# #.# #.#
# #.# #.# #.#


You could see Natasha.

Vanquished Creatures
  An orc wizard (D:3)
  An orc priest (D:2)
  Natasha (D:2)
  2 adders (D:3)
  A howler monkey skeleton (D:4)
  3 worms (D:2)
  2 dart slugs
  A leopard gecko (D:1)
  5 orcs
  2 ball pythons
  8 bats
  2 giant cockroaches
  2 goblins
  6 hobgoblins
  7 jackals
  3 quokkas
  2 frilled lizards
  A jackal skeleton (D:4)
  9 kobolds
  A quokka skeleton (D:3)
  3 rats
63 creatures vanquished.

Notes
Turn   | Place    | Note
-------+----------+-------------------------------------------
     0 | D:1      | Amnesiac the Deep Elf Fighter began the quest for the Orb.
     0 | D:1      | Reached XP level 1. HP: 13/13 MP: 3/3
   127 | D:1      | Reached skill level 1 in Dodging
   200 | D:2      | Reached XP level 2. HP: 15/18 MP: 4/4
   716 | D:2      | Found a blossoming altar of Fedhas.
   776 | D:3      | Reached XP level 3. HP: 22/22 MP: 5/5
  1202 | D:3      | Reached XP level 4. HP: 7/28 MP: 6/6
  1544 | D:4      | Found a staircase to the Ecumenical Temple.
  1553 | Temple   | Entered the Ecumenical Temple
  1755 | D:4      | Noticed Menkaure
  2048 | D:3      | Reached XP level 5. HP: 9/32 MP: 7/7
  3128 | D:2      | Found a stormy altar of Qazlal.
  3543 | D:2      | Noticed Natasha
  3569 | D:2      | Killed Natasha
  3647 | D:2      | Noticed Natasha
  3654 | D:2      | Slain by Natasha

Vault maps used:
D:1:      lemuel_arrival_muddy, supply_closet_lemuel
D:2:      grunt_temple_overflow_forces_of_nature, first_ration,
          minmay_pentomino_x2, uniq_natasha
D:3:      gammafunk_temple_overflow_pools
D:4:      lemuel_castle_with_subvaults, minmay_temple_entry_statues_fountains,
          uniq_ijyb, uniq_robin, uniq_grinder, uniq_menkaure
Temple:   regret_index_temple_sphere_string

Skill      XL: |  1  2  3 |
---------------+----------+-----
Dodging        | 1 2 3 |  3.5
Long Blades    | 2 |  2.0
Fighting       | 3 |  3.5
Armour         | 3 |  3.4
Shields        | |  2.4

Action                   |  1- 3 |  4- 6 || total
-------------------------+-------+-------++-------
Melee: Long sword        |    98 |   145 ||   243
  Use: Potion            |     2 |     5 ||     7
       Scroll            |       |     8 ||     8
 Stab: Invisible         |     3 |       ||     3
  Eat: Chunk             |     1 |     8 ||     9
Armor: Scale mail        |    52 |    51 ||   103
       Chain mail        |       |    15 ||    15
Dodge: Dodged            |    46 |    42 ||    88
Block: Shield            |    70 |    80 ||   150
       Rpst.: Long sword |    13 |    16 ||    29

Table legend:
 A = Non-vault XP
 B = Vault XP
 C = Vault XP percentage of total XP
 D = Non-vault monster count
 E = Vault monster count
 F = Vault count percentage of total count
                 A         B        C        D         E       F
            +---------+---------+-------+---------+---------+-------
      Total |     241 |      39 |  13.9 |      61 |       2 |   3.2
            +---------+---------+-------+---------+---------+-------
        D:1 |      25 |       0 |   0.0 |      13 |       0 |   0.0
        D:2 |      95 |      39 |  29.1 |      25 |       2 |   7.4
        D:3 |     106 |       0 |   0.0 |      21 |       0 |   0.0
        D:4 |      15 |       0 |   0.0 |       2 |       0 |   0.0
            +---------+---------+-------+---------+---------+-------
